 Dungeon Crawl Stone Soup version 0.20.1-1-g8b1a95d (webtiles) character file.

48 Internecine the Conjurer (level 3, 0/19 HPs)
             Began as a Tengu Conjurer on Sept 22, 2017.
             Slain by a gnoll
             ... wielding a +0 spear
              (6 damage)
             ... on level 2 of the Dungeon.
             The game lasted 00:13:49 (1124 turns).

Internecine the Conjurer (Tengu Conjurer)           Turns: 1124, Time: 00:13:49

Health: 0/19       AC:  3    Str:  8    XL:     3   Next: 72%
Magic:  1/7        EV: 12    Int: 16    God:
Gold:   43         SH:  0    Dex: 18    Spells: 2/6 levels left

rFire    . . .     SeeInvis .   f - +0 dagger
rCold    . . .     Gourm    .   (no shield)
rNeg     . . .     Faith    .   p - +0 leather armour
rPois    .         Spirit   .   (helmet restricted)
rElec    .         Reflect  .   (no cloak)
rCorr    .         Harm     .   (no gloves)
MR       .....                  (boots unavailable)
Stlth    ++........             (no amulet)
Regen    0.1/turn               q - +4 ring of dexterity
MPRegen  0.1/turn               (no ring)

@: no status effects
A: beak, talons 3
a: no special abilities


You were on level 2 of the Dungeon.
You were hungry.

You visited 1 branch of the dungeon, and saw 2 of its levels.

You collected 43 gold pieces.

Inventory:

Hand Weapons
 f - a +0 dagger (weapon)
 j - a +0 dagger
 w - a +0 dagger
 x - a +0 short sword
Missiles
 i - 30 poisoned needles
 m - 17 stones (quivered)
 u - 28 arrows
Armour
 a - a +0 robe
 h - a +0 scale mail
 p - a +0 leather armour (worn)
Jewellery
 q - a +4 ring of dexterity (left hand)
Scrolls
 d - a scroll of recharging {unknown}
 o - a scroll of random uselessness {unknown}
 v - a scroll of magic mapping {unknown}
 y - a scroll of amnesia {unknown}
 A - a scroll of teleportation {unknown}
Potions
 e - a potion of heal wounds {unknown}
 l - a potion of curing {unknown}
 n - 2 potions of degeneration {unknown}
 s - a potion of lignification {unknown}
 t - a potion of magic {unknown}
 z - 2 potions of ambrosia {unknown}
Books
 b - a book of Conjurations

   Spells                             Type                      Level
   a - Magic Dart                     Conjuration                  1
   b - Searing Ray                    Conjuration                  2
   c - Dazzling Spray                 Conjuration/Hexes            3
   d - Fulminant Prism                Conjuration/Hexes            4
   e - Force Lance                    Conjuration/Translocation    4
   f - Iskenderun's Mystic Blast      Conjuration                  4
Comestibles
 c - 3 bread rations
 k - 2 meat rations
 r - 2 fruits


   Skills:
 + Level 0.4 Short Blades
 + Level 0.2 Armour
 + Level 2.3 Dodging
 + Level 2.3 Stealth
 + Level 2.2 Spellcasting
 + Level 6.4 Conjurations


You had 2 spell levels left.
You knew the following spells:

 Your Spells              Type           Power        Failure   Level  Hunger
a - Magic Dart            Conj           ###.         1%          1    #......
b - Dazzling Spray        Conj/Hex       ##....       22%         3    ###....


Dungeon Overview and Level Annotations

Branches:
Dungeon (2/15)

Altars:

Annotations:
D:2 Robin


Innate Abilities, Weirdness & Mutations

You have a beak for a mouth.
You have claws for feet.


Message History

The frilled lizard hisses angrily.
Casting: Magic Dart
Confirm with . or Enter, or press ? or * to list all spells.
Aiming: Magic Dart
Press: ? - help, Shift-Dir - straight line, f/p - gnoll
Aim: a gnoll, wielding a halberd The magic dart hits the gnoll.
The gnoll is heavily wounded.
The gnoll hits you from afar with a spear.
A bat comes into view.
Found a meat ration.
Found a scroll labeled VIAKHL UGAREDOE.
The gnoll barely misses you.
The frilled lizard bites you but does no damage.
You are feeling hungry.
The gnoll hits you from afar with a spear.
There is a stone staircase leading down here.
The bat hits you but does no damage.
The gnoll hits you from afar with a spear.
You die...

##########
#..?......
#.........
#...%.....
#.........
#.........
#.........
##l@.......
.######.g........
.....w..gb.......
.........g.......
.................
..........#.#####
..#######)#.# .
#.... .....


You could see a worm, 3 gnolls, a bat and a frilled lizard.

Vanquished Creatures
  A gnoll (D:2)
  A dart slug (D:1)
  2 leopard geckos (D:1)
  4 bats (D:1)
  4 giant cockroaches (D:1)
  3 hobgoblins (D:1)
  2 jackals (D:1)
  2 kobolds (D:1)
  A frilled lizard (D:1)
  6 goblins
  3 rats (D:1)
29 creatures vanquished.

Notes
Turn   | Place    | Note
-------+----------+-------------------------------------------
     0 | D:1      | Internecine the Tengu Conjurer began the quest for the Orb.
     0 | D:1      | Reached XP level 1. HP: 10/10 MP: 4/4
   455 | D:1      | Reached XP level 2. HP: 14/15 MP: 3/6
   732 | D:1      | Reached skill level 6 in Conjurations
   847 | D:1      | Reached XP level 3. HP: 18/19 MP: 1/7
  1105 | D:1      | Learned a level 3 spell: Dazzling Spray
  1110 | D:2      | Noticed Robin
  1124 | D:2      | Slain by a gnoll

Skill      XL: |  1  2 |
---------------+-------+-----
Conjurations   | 6 |  6.4
Short Blades   | |  0.4
Armour         | |  0.2
Dodging        | |  2.3
Stealth        | |  2.3
Spellcasting   | |  2.2

Action                   || total
-------------------------++-------
Melee: Dagger            ||    20
       Kick              ||    11
       Peck              ||     2
 Cast: Magic Dart        ||    51
  Eat: Chunk             ||     1
Armor: Leather armour    ||     5
Dodge: Dodged            ||    18
